 Dungeon Crawl Stone Soup version 0.27-a0-1220-g54dba09ff7 (webtiles) character file.

Game seed: 2799505297475938503

68 Bnni the Cudgeller (level 4, -2/29 HPs)
             Began as a Gargoyle Monk on June 7, 2021.
             Was a Priest of Dithmenos.
             Slain by a gnoll
             ... wielding a +0 whip
              (6 damage)
             ... on level 1 of the Dungeon.
             The game lasted 00:04:07 (1963 turns).

Bnni the Cudgeller (Gargoyle Monk)                  Turns: 1963, Time: 00:04:07

Health: -2/29      AC:  6    Str: 15    XL:     4   Next: 19%
Magic:  4/4        EV: 12    Int: 10    God:    Dithmenos [***...]
Gold:   28         SH:  0    Dex: 11    Spells: 3/3 levels left

rFire    . . .     SeeInvis .   f - +0 whip
rCold    . . .     Faith    .   (no shield)
rNeg     + . .     Spirit   .   b - +0 robe
rPois    ∞         Reflect  .   (no helmet)
rElec    +         Harm     .   (no cloak)
rCorr    .         Rampage  .   (no gloves)
Will     .....                  (no boots)
Stlth    ++........             (no amulet)
HPRegen  0.09/turn              (no ring)
MPRegen  0.09/turn              (no ring)

@: wreathed by umbra
A: sickness immunity, AC +3, negative energy resistance 1, electricity
resistance, torment resistance 1, petrification resistance, clumsy 1, shaggy fur
1
a: Renounce Religion, Shadow Step


You were on level 1 of the Dungeon.
You worshipped Dithmenos.
Dithmenos was most pleased with you.
You visited 1 branch of the dungeon, and saw 2 of its levels.

You collected 28 gold pieces.

Inventory:

Hand Weapons
 f - a +0 whip (weapon)
 i - a +0 dagger
Missiles
 j - 11 poisoned darts (quivered)
Armour
 b - a +0 robe (worn)
Wands
 h - a wand of polymorph (5)
Scrolls
 a - a scroll of teleportation {unknown}
 c - a scroll of silence {unknown}
Potions
 d - a potion of curing {unknown}
 e - a potion of lignification {unknown}
 g - a potion of mutation


   Skills:
 + Level 4.1 Fighting
 * Level 4.4 Maces & Flails
 - Level 2.4 Dodging
 - Level 2.1 Stealth


You had 3 spell levels left.
You didn't know any spells.
Your spell library was empty.

Dungeon Overview and Level Annotations

Branches:
Dungeon (2/15)

Altars:
Dithmenos


Innate Abilities, Weirdness & Mutations

You are immune to sickness and miasma.
Your stone body is resilient. (AC +3)
You are immune to poison.
You resist negative energy. (rN+)
You are resistant to electric shocks. (rElec)
You are resistant to unholy torment.
You are immune to petrification.
You are clumsy. (Dex -2)
You are covered in fur. (AC +1)


Message History

Things that are here:
a +0 spear; 12 poisoned darts
j - 12 poisoned darts
There is a stone staircase leading down here.
You start resting.
HP restored.
You climb downwards.
The gnoll hits you with a +0 whip! x2
There is a stone staircase leading up here.
The gnoll barely misses you.
You climb upwards.
There is a stone staircase leading down here.
You barely miss the gnoll. The gnoll hits you with a +0 whip.
You are too injured to fight recklessly!
You are too injured to fight recklessly!
You are too injured to fight recklessly!
You closely miss the gnoll. You barely miss the gnoll.
The gnoll barely misses you.
You hit the gnoll.
The gnoll is moderately wounded.
The gnoll hits you but does no damage.
You hit the gnoll but do no damage.
The gnoll is moderately wounded.
The gnoll hits you with a +0 whip.
You hit the gnoll.
The gnoll is severely wounded.
The gnoll hits you with a +0 whip!
* * * LOW HITPOINT WARNING * * *
It was a potion of mutation.
You feel extremely strange. Fur sprouts all over your body.
You feel clumsy.
You feel a little pissed off.
You feel a little more calm. The gnoll closely misses you.
There is an empty arch of ancient stone here.
Throw: 12 darts (poison)
Press: ? - help, Q - select action, (/) - cycle Shift-Dir - straight line, f - gnoll
Aim: a gnoll, wielding a +0 whip (severely wounded, umbra, 61% to hit)
You throw a poisoned dart. The poisoned dart hits the gnoll.
The gnoll is poisoned.
The gnoll is severely wounded.
The gnoll hits you with a +0 whip.
You die...

.# #.##.#............### ### .#
#.##.#..♣...........## #≈###
.####.#..#♣......⌠.......# #≈##.
.........#...............# ##≈##.
.........##.♣............###.≈.#.
....#.##..#####♣.........∩...≈...
.##.#.......## #.....♣...##..≈...
'##.#######..# ##.......########.
......# ##.###@......♣# #.
......######.##g###.♣.♣# #.
............)>...###############.
################## #..........
#.######### #.# #.#######
#.#.....# #.#.....###


You could see a gnoll (poisoned).

Vanquished Creatures
  A gnoll (D:1)
  2 adders
  A worm (D:2)
  2 dart slugs
  3 ball pythons
  3 bats (D:1)
  An endoplasm (D:1)
  3 giant cockroaches
  3 goblins
  4 hobgoblins (D:1)
  2 jackals (D:1)
  A quokka (D:2)
  2 frilled lizards
  3 kobolds
  2 rats
33 creatures vanquished.

Notes
Turn   | Place    | Note
-------+----------+-------------------------------------------
     0 | D:1      | Bnni the Gargoyle Monk began the quest for the Orb.
     0 | D:1      | Reached XP level 1. HP: 14/14 MP: 1/1
    70 | D:1      | Found a faded altar of an unknown god.
    80 | D:1      | Became a worshipper of Dithmenos the Shadowed
    80 | D:1      | Reached * piety under Dithmenos
    80 | D:1      | Reached ** piety under Dithmenos
   238 | D:1      | Reached *** piety under Dithmenos
   239 | D:1      | Reached XP level 2. HP: 19/19 MP: 2/2
  1050 | D:1      | Reached XP level 3. HP: 24/24 MP: 3/3
  1755 | D:1      | Reached XP level 4. HP: 21/29 MP: 4/4
  1960 | D:1      | Gained mutation: You are covered in fur. (AC +1) [potion of
                  | mutation]
  1960 | D:1      | Gained mutation: You are clumsy. (Dex -2) [potion of
                  | mutation]
  1960 | D:1      | Gained mutation: You tend to lose your temper in combat.
                  | [potion of mutation]
  1960 | D:1      | Lost mutation: You tend to lose your temper in combat.
                  | [potion of mutation]
  1963 | D:1      | Slain by a gnoll

Illustrated notes

Levels and vault maps discovered:
D:1:      nzn_arrival_settlement, layout_basic,
          hellmonk_ecumenical_altar_crossroads, chequers_serial_rivers_micro_b
D:2:      layout_loops_ring, hangedman_decor_push, st_stairs_7

Skill      XL: |  1  2  3 |
---------------+----------+-----
Maces & Flails | 4 |  4.4
Fighting       | 4 |  4.1
Dodging        | |  2.4
Stealth        | |  2.1

Action                   |  1- 3 |  4- 6 || total
-------------------------+-------+-------++-------
Melee: Mace              |    55 |       ||    55
       Whip              |    68 |    23 ||    91
Throw: Dart              |       |     1 ||     1
  Use: Potion            |       |     1 ||     1
 Stab: Sleeping          |     6 |       ||     6
Armor: Robe              |    27 |     3 ||    30
Dodge: Dodged            |   109 |    13 ||   122

Table legend: (Time is in decaauts)
 A = Elapsed time spent in this place.
 B = Non-inter-level travel time spent in this place.
 C = Inter-level travel time spent in this place.
 D = Time resting spent in this place.
 E = Time spent auto-exploring this place.
 F = Levels seen in this place.
 G = Mean time per level.
                   A        B        C        D        E       F      G
               +--------+--------+--------+--------+--------+-----+--------+
         Total |   1969 |   1933 |     36 |    543 |   1060 |   2 |  984.5 |
       Dungeon |   1969 |   1933 |     36 |    543 |   1060 |   2 |  984.5 |
               +--------+--------+--------+--------+--------+-----+--------+

Top non-repeatable levels by time:
     D:1: 1493 daAuts
     D:2: 476 daAuts
